 Dungeon Crawl Stone Soup version 0.30-a0-777-ga9a30cbeda (console) character file.

Game seed: 15408844742259758370

622633 rlgrobin the Hand of Fortune (level 27, -4/222 HPs)
             Began as a Gnoll Venom Mage on Feb 13, 2023.
             Was the Champion of Nemelex Xobeh.
             Succumbed to a green draconian monk's poison
             ... on level 4 of the Realm of Zot on Feb 14, 2023.
             The game lasted 04:11:04 (64252 turns).

rlgrobin the Hand of Fortune (Gnoll Venom Mage)    Turns: 64252, Time: 04:11:04

Health: -4/222     AC: 24    Str: 17    XL:     27
Magic:  47/56      EV: 30    Int: 28    God:    Nemelex Xobeh [******]
Gold:   6081       SH: 23    Dex: 22    Spells: 21/66 levels left

rFire   + + .      SeeInvis +    b - +7 sceptre of Torment {pain, torment}
rCold   + + .      Faith    .    u - +0 tower shield of Kixtou Fimm {MP+9 Int+4 Dex+2 Stlth+}
rNeg    . . .      Spirit   .    X - +5 ring mail "Niang" {rElec rPois Regen+ rCorr}
rPois   +          Reflect  .    f - +1 helmet "Kotiy" {Str+4}
rElec   +          Harm     .    S - scarf {rC+ rF+}
rCorr   +          Rampage  .    P - +2 pair of gloves of Zin's Grace {rC+ Str+3}
Will    +++++                    E - +1 pair of boots of Wirphy {Contam Int+5 SInv}
Stlth   ++++++++                 D - amulet of Duilaib {RegenMP rF+ Slay+2}
HPRegen 1.37/turn                j - ring of protection from cold
MPRegen 0.75/turn                Z - ring "Xuvudoath" {rElec rC- Will+++ rCorr EV+5}

@: lethally poisoned (-4 -> -47), radiating poison, studying Axes
A: fangs 1, strong nose, distributed training
}: 3/15 runes: decaying, silver, gossamer
a: Renounce Religion, Draw Escape, Draw Destruction, Draw Summoning, Draw Stack,
Triple Draw, Deal Four, Stack Five


You were on level 4 of the Realm of Zot.
You worshipped Nemelex Xobeh.
Nemelex Xobeh was exalted by your worship.
You visited 11 branches of the dungeon, and saw 50 of its levels.
You also visited: Gauntlet and Wizlab.

You collected 10073 gold pieces.
You spent 3992 gold pieces at shops.

Inventory:

Hand Weapons
 a - the +11 trident of Ujynosea {protect, Will+ Dex+4 SInv}
   (You took it off a spriggan rider on level 4 of the Lair of Beasts)

   Dex:       It affects your dexterity (+4).
   SInv:      It lets you see invisible.
   Will:      It increases your willpower.
 b - the +7 sceptre of Torment (weapon) {pain, torment}
   (You found it on level 1 of the Crypt)
 U - a +6 demon whip of electrocution
Missiles
 q - 24 large rocks
 F - 7 throwing nets
 K - 16 curare-tipped darts
Armour
 f - the +1 helmet "Kotiy" (worn) {Str+4}
   (You found it on level 1 of the Crypt)

   Str:       It affects your strength (+4).
 i - a +0 buckler of cold resistance
 u - the +0 tower shield of Kixtou Fimm (worn) {MP+9 Int+4 Dex+2 Stlth+}
   (You acquired it on level 3 of the Elven Halls)

   Int:       It affects your intelligence (+4).
   Dex:       It affects your dexterity (+2).
   MP:        It affects your magic capacity (+9).
   Stlth:     It makes you more stealthy.
 E - the +1 pair of boots of Wirphy (worn) {Contam Int+5 SInv}
   (You bought it in a shop on level 2 of the Vaults)

   Int:       It affects your intelligence (+5).
   SInv:      It lets you see invisible.
   Contam:    It causes magical contamination when unequipped.
 P - the +2 pair of gloves of Zin's Grace (worn) {rC+ Str+3}
   (You found it on level 2 of the Elven Halls)

   Str:       It affects your strength (+3).
   rC:        It protects you from cold.
 S - a scarf of resistance (worn)
 W - a +2 pair of boots of flying
 X - the +5 ring mail "Niang" (worn) {rElec rPois Regen+ rCorr}
   (You took it off a minotaur in a Gauntlet)

   rElec:     It insulates you from electricity.
   rPois:     It protects you from poison.
   Regen:     It increases your rate of health regeneration.
   rCorr:     It protects you from acid and corrosion.
Jewellery
 j - a ring of protection from cold (left hand)
 x - the amulet of the Four Winds {rN+ Will+++ Clar}
   (You took it off a deep elf sorcerer on level 3 of the Elven Halls)

   [amulet of nothing]

   rN:        It protects you from negative energy.
   Clar:      It protects you against confusion.
   Will:      It greatly increases your willpower.
 D - the amulet of Duilaib (around neck) {RegenMP rF+ Slay+2}
   (You found it on level 11 of the Dungeon)

   [amulet of magic regeneration]

   It increases your rate of magic regeneration.
   Slay:      It affects your accuracy & damage with ranged weapons and melee
   (+2).
   rF:        It protects you from fire.
 J - a +4 ring of slaying
 Z - the ring "Xuvudoath" (right hand) {rElec rC- Will+++ rCorr EV+5}
   (You took it off a vampire mage on level 4 of the Depths)

   [ring of evasion]

   EV:        It affects your evasion (+5).
   rC:        It makes you vulnerable to cold.
   rElec:     It insulates you from electricity.
   rCorr:     It protects you from acid and corrosion.
   Will:      It greatly increases your willpower.
Wands
 d - a wand of acid (13)
 H - a wand of flame (186)
 N - a wand of polymorph (73)
 Q - a wand of digging (10)
 R - a wand of iceblast (54)
 T - a wand of mindburst (35)
 V - a wand of paralysis (9)
Scrolls
 c - 16 scrolls of teleportation
 g - 3 scrolls of butterflies
 h - 16 scrolls of magic mapping
 n - 12 scrolls of fog
 r - 4 scrolls of blinking
 s - 9 scrolls of fear
 C - 2 scrolls of enchant armour
Potions
 k - 9 potions of haste
 l - 10 potions of brilliance
 m - 8 potions of flight
 o - 2 potions of magic
 p - 9 potions of might
 v - 3 potions of mutation
 w - 4 potions of invisibility
 A - 17 potions of ambrosia
 B - 11 potions of resistance
 G - 21 potions of curing
 I - 15 potions of heal wounds
 O - 3 potions of cancellation
Miscellaneous
 e - a phial of floods
 t - a box of beasts
 z - a lightning rod (4/4)
 L - a condenser vane
 Y - a phantom mirror


   Skills:
 + Level 19.6 Fighting
 + Level 19.6 Short Blades
 + Level 19.6 Long Blades
 + Level 21.0 Axes
 + Level 19.6 Maces & Flails
 + Level 19.6 Polearms
 + Level 19.6 Staves
 + Level 19.6 Ranged Weapons
 + Level 19.6 Throwing
 + Level 19.6 Armour
 + Level 20.1 Dodging
 + Level 20.0 Stealth
 + Level 19.6 Shields
 + Level 19.6 Unarmed Combat
 + Level 20.1 Spellcasting
 + Level 16.7 Conjurations
 + Level 16.7 Hexes
 + Level 16.7 Summonings
 + Level 16.7 Necromancy
 + Level 16.7 Translocations
 + Level 16.9 Transmutations
 + Level 16.7 Fire Magic
 + Level 16.7 Ice Magic
 + Level 16.7 Air Magic
 + Level 16.7 Earth Magic
 + Level 17.5 Poison Magic
 + Level 21.2 Invocations
 + Level 19.6 Evocations


You had 21 spell levels left.
You knew the following spells:

 Your Spells              Type           Power      Damage    Failure   Level
a - Borgnjor's Vile Clut  Necr/Erth      44%        N/A       1%          5
b - Sticky Flame          Conj/Fire      89%        2d10      1%          4
c - Mephitic Cloud        Conj/Pois/Air  89%        N/A       0%          3
d - Olgreb's Toxic Radia  Pois           91%        N/A       1%          4
e - Ignite Poison         Fire/Tmut/Pois 89%        N/A       0%          3
f - Yara's Violent Unrav  Hex/Tmut       44%        3d17      1%          5
g - Dispel Undead         Necr           89%        3d28      1%          4
h - Haunt                 Necr/Summ      44%        N/A       3%          7
i - Summon Mana Viper     Hex/Summ       89%        N/A       1%          5
j - Silence               Hex/Air        44%        N/A       1%          5

Your spell library contained the following spells:

 Spells                   Type           Power      Damage    Failure   Level
 Freeze                   Ice            100%       1d10      0%          1
 Kiss of Death            Conj/Necr      100%       2d13      0%          1
 Magic Dart               Conj           100%       1d8       0%          1
 Necrotise                Necr           100%       1d9       0%          1
 Shock                    Conj/Air       100%       1d9       0%          1
 Sting                    Tmut/Pois      100%       1d8       0%          1
 Cigotuvi's Dreadful Rot  Necr/Pois/Air  100%       N/A       0%          2
 Ensorcelled Hibernation  Hex/Ice        100%       N/A       0%          2
 Lesser Beckoning         Tloc           100%       N/A       0%          2
 Passwall                 Tmut/Erth      74%        N/A       0%          2
 Poisonous Vapours        Pois/Air       100%       N/A       0%          2
 Scorch                   Fire           100%       2d10      0%          2
 Searing Ray              Conj           100%       2d8       0%          2
 Static Discharge         Conj/Air       100%       2-7/arc   0%          2
 Sublimation of Blood     Necr           89%        N/A       0%          2
 Wereblood                Tmut           89%        N/A       0%          2
 Confusing Touch          Hex            89%        N/A       0%          3
 Dazzling Flash           Conj/Hex       100%       N/A       0%          3
 Frozen Ramparts          Ice            100%       1d16      0%          3
 Gell's Gravitas          Tloc           89%        N/A       0%          3
 Hailstorm                Conj/Ice       89%        3d18      0%          3
 Ozocubu's Armour         Ice            89%        N/A       0%          3
 Spider Form              Tmut/Pois      90%        N/A       0%          3
 Summon Guardian Golem    Hex/Summ       89%        N/A       0%          3
 Swiftness                Air            89%        N/A       0%          3
 Teleport Other           Tloc           89%        N/A       0%          3
 Tukima's Dance           Hex            89%        N/A       0%          3
 Vampiric Draining        Necr           89%        2d12      0%          3
 Vhi's Electric Charge    Tloc/Air       100%       N/A       0%          3
 Airstrike                Air            44%        2d(7-23)  1%          4
 Anguish                  Hex/Necr       44%        N/A       1%          4
 Animate Dead             Necr           89%        N/A       1%          4
 Fulminant Prism          Conj/Hex       44%        3d19      1%          4
 Ice Form                 Ice/Tmut       89%        N/A       1%          4
 Iskenderun's Mystic Bla  Conj/Tloc      89%        2d17      1%          4
 Leda's Liquefaction      Hex/Erth       44%        N/A       1%          4
 Passage of Golubria      Tloc           89%        N/A       1%          4
 Petrify                  Tmut/Erth      89%        N/A       1%          4
 Summon Ice Beast         Ice/Summ       89%        N/A       1%          4
 Summon Lightning Spire   Summ/Air       89%        N/A       1%          4
 Agony                    Necr           89%        N/A       1%          5
 Arcjolt                  Conj/Air       44%        1d54      1%          5
 Fireball                 Conj/Fire      44%        3d18      1%          5
 Lee's Rapid Deconstruct  Erth           44%        3d21*     1%          5
 Lightning Bolt           Conj/Air       44%        1d64      1%          5
 Metabolic Englaciation   Hex/Ice        44%        N/A       1%          5
 Death Channel            Necr           44%        N/A       1%          6
 Simulacrum               Ice/Necr       44%        N/A       1%          6
 Starburst                Conj/Fire      44%        6d12      1%          6
 Statue Form              Tmut/Erth      59%        N/A       1%          6
 Enfeeble                 Hex            44%        N/A       3%          7
 Monstrous Menagerie      Summ           44%        N/A       3%          7
 Ozocubu's Refrigeration  Ice            44%        4d17      3%          7
 Storm Form               Tmut/Air       44%        N/A       3%          7
 Summon Hydra             Summ           44%        N/A       3%          7
 Necromutation            Tmut/Necr      44%        N/A       28%         8
 Borgnjor's Revivificati  Necr           44%        N/A       30%         8
 Ignition                 Fire           44%        3d13      30%         8
 Infestation              Necr           44%        N/A       30%         8
 Lehudib's Crystal Spear  Conj/Erth      44%        10d11     30%         8
 Maxwell's Capacitive Co  Air            44%        ∞         30%         8
 Death's Door             Necr           44%        N/A       99%         9


Dungeon Overview and Level Annotations

Branches:
Dungeon (15/15)            Temple (1/1) D:5            Lair (5/5) D:9
  Swamp (4/4) Lair:2       Spider (4/4) Lair:3        Slime (0/5) Lair:5
    Orc (2/2) D:12            Elf (3/3) Orc:2        Vaults (5/5) D:13
  Crypt (3/3) Vaults:3       Tomb (0/3) Crypt:3      Depths (4/4) D:15
    Zot (4/5) Depths:4     WizLab (visited)         Gauntlet (visited)

Altars:
Ashenzari
Cheibriados
Dithmenos
Elyvilon
Fedhas
Gozag
Hepliaklqana
Kikubaaqudgha
Makhleb
Nemelex Xobeh
Okawaru
Qazlal
Ru
Sif Muna
Trog
Uskayaw
Vehumet
Wu Jian
Xom
Yredelemnul
Zin
The Shining One

Shops:
D:13 :*=([   Orc:2 :*((   Elf:1 *:=(?(:=!   Elf:3 ?   Vaults:2 [((*
Vaults:4 !*[:[   Vaults:5 :[=?

Portals:
Hell: Depths:1 Depths:2 Depths:3 Depths:4
Abyss: Depths:3
Pandemonium: Depths:2 Depths:4
Ziggurat: Depths:3

Annotations:
D:10 exclusion: wraith
D:14 2 runed translucent doors, exclusion: orange crystal statue
Spider:4 Roxanne
Zot:1 2 transporters, Monuoraozee's ghost, legendary GnTm; Oczupsu's ghost, legendary GrFi
Zot:3 exclusion: orb of fire
Zot:4 Tiamat


Innate Abilities, Weirdness & Mutations

You have very sharp teeth.
Your uncanny sense of smell can sniff out nearby items.
Your experience applies equally to all skills.


Message History

The green draconian monk kicks you but does no damage.
The green draconian monk tail-slaps you but does no damage.
The green draconian monk completely misses you.
Press: ? - help, v - describe, . - travel
Here: a green draconian monk, wearing a +0 cloak of preservation (severely wounded, berserk, covered in liquid flames)
The floor, spattered with blood.
Unknown command.
Casting: Sticky Flame (safe; 1% risk of failure)
Confirm with . or Enter, or press ? or * to list all spells.
You ignite the poison in your surroundings!
The red draconian seems to burn from within!!
The red draconian is almost dead.
The green draconian monk burns!
The green draconian monk hits you but does no damage.
You block the green draconian monk's attack.
The green draconian monk completely misses you. x2
The red draconian completely misses you.
Casting: Ignite Poison (safe; 0% risk of failure)
Confirm with . or Enter, or press ? or * to list all spells.
You begin to radiate toxic energy.
You kill the red draconian!
The green draconian monk burns!
The green draconian monk hits you!!
* * * LOW HITPOINT WARNING * * *
The green draconian monk completely misses you.
You block the green draconian monk's attack. x2
The green draconian monk hits you!!
* * * LOW HITPOINT WARNING * * *
The green draconian monk kicks you but does no damage.
You block the green draconian monk's attack.
The green draconian monk tail-slaps you!
* * * LOW HITPOINT WARNING * * *
You are lethally poisoned!
The green draconian monk poisons you!
A white draconian stormcaller comes into view.
It is wielding a +2 long sword of holy wrath.
You hear a deafening roar!
Blink to where?
Press: ? - help, Dir - move target, p - green draconian monk
As you read the scroll of blinking, it crumbles to dust.
You die...
Your body glows with a rainbow of weird colours and disappears.

##.############..######*** ***
**############..######*** **∆**
##.).................,,,
**,,,*##....................,,,
**,,,*##...##########..####..***
**,,,*##...###########..####.<***
*,,,*##...###.................,,,
,,,*##...###..................,,,
,,*##...###...##@.############**,
,*##...##*.,,*##..########*******
*##...##*,,,*##...........,,,,,**
##...##*,,,*##............,,,,,,*
#.....#,,,*##...##########****,,,
...#.....###...############****,,
..###...###.....#..........,,***,
.##*,..###...#§)...........,,,***
.#*,,.###...###q.$#########*,,,**


There were no monsters in sight!

Vanquished Creatures
  2 dread liches
  3 ancient liches
  A juggernaut (Depths:3)
  The ghost of Nofozin the Slayer, a veteran FoFi of Vehumet (Crypt:1)
  3 royal mummies (Crypt:1)
  Josephina (Zot:1)
  Sojobo (Crypt:1)
  The ghost of Nuh Ema the Eclecticist, a veteran HuVM of Jiyva (Crypt:2)
  Margery (Vaults:5)
  2 curse toes
  2 caustic shrikes (Depths:3)
  12 golden dragons
  The ghost of Flugslaktarn the Warrior, an adept HOFi of Okawaru (Vaults:1)
  2 electric golems
  2 hellephants (Depths:4)
  Jorgrun (Elf:2)
  10 tentacled monstrosities
  3 walking earthen tomes
  Rupert (D:15)
  2 shard shrike skeletons (Crypt:3)
  4 deep elf blademasters (Elf:3)
  8 liches
  2 deep elf master archers
  15 ancient champions
  6 quicksilver dragons
  6 titans
  2 sphinxes
  12 death cobs
  A walking frostbound tome (Depths:3)
  6 tengu reavers
  A tentacled starspawn (Lair:2)
  9 shadow dragons
  A thorn hunter (Swamp:2)
  The ghost of Leosebu the Warrior, an adept DjCj of Ashenzari (Orc:1)
  6 revenants
  14 storm dragons
  12 fire giants
  3 draconian monks (Zot:1)
  2 fenstrider witches (Swamp:4)
  3 draconian knights
  2 iron dragons (Vaults:5)
  7 frost giants
  5 draconian scorchers
  3 emperor scorpions
  9 deep elf sorcerers (Elf:3)
  16 vault wardens
  6 ghost moths
  The ghost of Ovifeoxt the Fighter, a journeyman DsEE of Vehumet (Orc:1)
  4 curse skulls
  2 spectral caustic shrikes (WizLab)
  4 draconian shifters
  A caustic shrike zombie (Crypt:3)
  2 orc warlords
  A reaper (Swamp:4)
  2 cacodemons (Crypt:2)
  10 ghouls
  17 ironbound preservers
  2 quicksilver oozes (shapeshifter)
  A juggernaut skeleton (Crypt:3)
  4 spriggan defenders
  26 very ugly things
  4 draconian annihilators
  2 broodmothers
  4 caustic shrike skeletons (Crypt:3)
  7 deep elf elementalists (Elf:3)
  The ghost of Crownlay the Geomancer, a journeyman GrEE of Gozag (Orc:1)
  The ghost of Umososh the Warrior, a journeyman MiBe of Trog (Orc:1)
  3 war gargoyles
  2 ironbound thunderhulks (Vaults:4)
  A grey draconian (Depths:4)
  10 stone giants
  11 deep elf demonologists
  12 vampire knights
  3 eleionomae
  5 green draconians
  12 black draconians
  9 red draconians
  9 purple draconians
  18 dire elephants
  5 halazid warlocks (WizLab)
  6 yellow draconians
  6 deep elf annihilators
  The ghost of Crownlay the Thaumaturge, a journeyman GrEE of Vehumet (Lair:4)
  2 minotaurs
  11 white draconians
  18 spark wasps
  6 bunyips
  2 merfolk impalers (Depths:3)
  4 eidola
  16 deep elf death magi
  18 jiangshi
  11 ettins
  2 merfolk javelineers
  2 mummy priests (Crypt:1)
  7 fire dragons
  3 quicksilver dragon zombies
  10 entropy weavers
  A green death (Swamp:4)
  A shambling mangrove (Swamp:2)
  9 great orbs of eyes
  2 spriggan zombies
  8 deep elf high priests
  The ghost of Nethreeru the Cleaver, a journeyman MiFi of Dithmenos (Orc:1)
  10 ice dragons
  2 rakshasas
  2 peacekeepers
  2 catoblepae
  A salamander tyrant (Depths:3)
  13 yaktaur captains
  2 hydras (shapeshifter)
  An anaconda (Depths:2)
  A fenstrider witch zombie (Crypt:2)
  10 hydras
  A spriggan skeleton (Crypt:3)
  A jorogumo (Spider:3)
  30 vault guards
  6 spriggan air magi
  5 ghost crabs (Swamp:1)
  15 ogre magi
  7 ironbound frosthearts
  Erolcha (D:12)
  25 two-headed ogres
  5 boulder beetles
  An alligator snapping turtle (Depths:2)
  5 radroaches
  29 dancing weapons
  10 alligators
  9 centaur warriors
  4 death knights
  7 deep troll shamans
  A death scarab (Spider:4)
  5 tengu warriors
  A naga warrior (Crypt:1)
  7 deep troll earth magi
  5 death yaks (Lair:5)
  10 hell hogs (Depths:4)
  16 vampire magi
  16 spriggans
  10 spriggan berserkers
  13 hell knights
  5 soul eaters
  A titan zombie (Depths:1)
  18 deep elf knights
  A sun moth (Spider:4)
  7 shadow wraiths
  38 skeletal warriors
  2 sixfirhies (Swamp:4)
  7 titan skeletons (Crypt:3)
  A skyshark (Lair:5)
  A goliath frog (shapeshifter) (Vaults:5)
  5 pharaoh ants
  A spark wasp zombie (WizLab)
  A golden dragon zombie (Depths:1)
  6 iron trolls
  A storm dragon skeleton (Crypt:3)
  54 deep trolls
  7 goliath frogs
  2 glowing orange brains
  8 flayed ghosts
  10 spriggan druids
  6 swamp dragons
  A death drake (Swamp:4)
  4 orb spiders (Spider:4)
  2 golden dragon skeletons (Depths:1)
  8 wizards
  16 lindwurms
  8 orc knights
  14 deep elf archers
  32 deep elf pyromancers
  6 necromancers
  A wolf spider zombie (WizLab)
  An anaconda skeleton (Crypt:3)
  A harpy (shapeshifter) (Elf:2)
  24 deep elf zephyrmancers
  23 phantasmal warriors
  11 bog bodies
  18 ironbound convokers
  A mana viper (shapeshifter) (Depths:3)
  3 orc sorcerers
  A shining eye (Vaults:5)
  An oklob plant (Gauntlet)
  21 wolf spiders
  48 ugly things
  4 manticores
  A shadow dragon skeleton (Crypt:3)
  6 cyclopes
  2 will-o-the-wisps
  23 elephants
  4 salamanders (Depths:3)
  11 moths of wrath
  A titan simulacrum (Depths:1)
  A stone giant skeleton (Crypt:3)
  4 apocalypse crabs (Swamp:1)
  An eye of devastation (Vaults:5)
  11 black mambas
  A guardian serpent (Lair:5)
  13 cane toads
  4 torpor snails
  16 vault sentinels
  2 demonic crawlers (Spider:1)
  A molten gargoyle (Lair:3)
  A catoblepas zombie (Crypt:2)
  5 orange demons (Swamp:4)
  A centaur skeleton (Crypt:3)
  3 gargoyles
  7 komodo dragons
  2 rime drakes
  A spark wasp simulacrum (Depths:2)
  A sea snake zombie (Crypt:3)
  An unseen horror (D:10)
  An efreet (D:15)
  5 freezing wraiths
  2 tengu conjurers (D:15)
  A white draconian zombie (Crypt:1)
  A merfolk (Vaults:5)
  A green draconian skeleton (Crypt:3)
  A spectral harpy (WizLab)
  A mana viper zombie (Crypt:3)
  26 yaktaurs
  A golden dragon simulacrum (Zot:1)
  A harpy zombie (WizLab)
  A queen bee (Spider:1)
  5 trolls
  7 polar bears
  A polar bear (shapeshifter) (Vaults:5)
  3 hellwings (Swamp:4)
  21 meliai
  3 harpy skeletons (Crypt:3)
  A sphinx simulacrum (Depths:2)
  Grinder (D:3)
  29 hornets
  8 tyrant leeches
  21 tarantellas
  An iron dragon simulacrum (Depths:1)
  23 slime creatures
  24 blink frogs
  2 alligator zombies (Crypt:1)
  A hydra skeleton (Crypt:3)
  18 jumping spiders
  11 flying skulls (WizLab)
  A shadow (D:11)
  2 air elementals
  Sigmund (D:3)
  A centaur simulacrum (D:14)
  22 culicivoras
  A spriggan (shapeshifter) (Vaults:5)
  30 water elementals
  2 fire elementals
  3 wraiths
  17 wyverns
  4 humans
  A slime creature zombie (Crypt:2)
  A hog (D:14)
  37 yaks
  A tyrant leech zombie (Crypt:1)
  2 steam dragons
  4 basilisks
  61 redbacks
  13 vampire mosquitoes
  2 wargs
  2 chaos spawn (Swamp:4)
  10 swamp worms
  A swamp worm (shapeshifter) (Depths:2)
  5 acid dragons
  2 floating eyes
  24 water moccasins
  Duvessa (D:6)
  A water nymph skeleton (Crypt:1)
  3 moth of wrath simulacra (Zot:1)
  An ice beast (D:5)
  23 orc warriors
  A naga skeleton (Crypt:3)
  A faun skeleton (Crypt:1)
  6 black bears
  An ogre (shapeshifter) (D:15)
  10 wolves
  A boggart (Lair:4)
  A dream sheep skeleton (Crypt:2)
  33 ogres
  3 centaurs
  A phantom (D:6)
  A kobold brigand (D:10)
  Blork the orc (D:6)
  9 bullfrogs
  2 earth elementals (Elf:1)
  A gnoll sergeant (D:11)
  2 necrophages
  2 wyvern zombies
  3 scorpions
  30 wights
  Dowan (D:6)
  22 killer bees
  A yak skeleton (Crypt:3)
  2 vampire bats (D:6)
  An electric eel (D:13)
  4 howler monkeys
  14 jellies
  15 orc priests
  3 hounds (D:5)
  Jessica (D:3)
  8 iguanas
  18 orc wizards
  3 hell rats (Lair:3)
  A deep dwarf zombie (Crypt:3)
  An ogre skeleton (Crypt:1)
  7 adders
  7 gnolls
  A shadow imp (D:7)
  3 ufetubi
  An iguana zombie (Crypt:1)
  An adder skeleton (Crypt:2)
  A worm (D:2)
  4 dart slugs
  89 orcs
  2 bat skeletons (D:6)
  2 bat zombies (D:6)
  8 endoplasms
  2 giant cockroaches (D:1)
  5 goblins
  9 hobgoblins
  13 kobolds
  6 quokkas
  6 ball pythons
  5 bats
  7 frilled lizards
  A frilled lizard zombie (Crypt:3)
  2 kobold skeletons (Crypt:2)
  An orc zombie (Crypt:3)
  4 rats
2293 creatures vanquished.

Vanquished Creatures (collateral kills)
  Mara (Spider:4)
  Vv (Zot:2)
  A golden dragon (Depths:3)
  Jory (Vaults:4)
  4 tentacled monstrosities
  A walking frostbound tome (Depths:3)
  A quicksilver dragon (Depths:3)
  2 walking divine tomes (Depths:3)
  Frances (Swamp:1)
  A sphinx (Vaults:4)
  A tengu reaver (Depths:3)
  A fenstrider witch (Swamp:4)
  3 emperor scorpions (Spider:4)
  An iron dragon (Depths:3)
  A ghoul (Crypt:2)
  3 ghost moths
  A spriggan defender (Depths:3)
  An ironbound preserver (Vaults:4)
  3 very ugly things
  A war gargoyle (Vaults:1)
  A grey draconian (Depths:4)
  2 dire elephants (Vaults:1)
  A spark wasp (Depths:3)
  A bunyip (Swamp:2)
  An eidolon (Crypt:2)
  A deep elf death mage (Vaults:4)
  A fire dragon (Depths:3)
  A jiangshi (Crypt:2)
  A great orb of eyes (Vaults:1)
  A hydra (Swamp:2)
  An ice dragon (Depths:3)
  A vampire mage (Crypt:2)
  An iron troll (Depths:4)
  A sun moth (Spider:4)
  A pharaoh ant (Spider:4)
  A phantasmal warrior (Crypt:2)
  An ironbound convoker (Vaults:4)
  A sphinx zombie (Depths:1)
  A demonic crawler (Spider:4)
  2 vault sentinels (Vaults:4)
  2 cane toads (Lair:5)
  A rime drake (Lair:5)
  A freezing wraith (D:14)
  2 hornets (Spider:4)
  A raiju (shapeshifter) (D:14)
  A blink frog (Lair:5)
  A slime creature (Vaults:1)
  A culicivora (Spider:4)
  2 wyverns (Depths:4)
  A redback (Spider:3)
65 creatures vanquished.

Vanquished Creatures (others)
  A skeletal warrior (Crypt:3)
  2 deep elf zephyrmancers
  A redback (Spider:4)
  A swamp worm (Swamp:4)
  A hell rat (Lair:3)
  3 foxfires
  34 fungi
  61 plants
  2 starspawn tentacles (Lair:2)
106 creatures vanquished.

Grand Total: 2464 creatures vanquished

Notes
Turn   | Place    | Note
-------+----------+-------------------------------------------
     0 | D:1      | rlgrobin the Gnoll Venom Mage began the quest for the Orb.
     0 | D:1      | Reached XP level 1. HP: 13/13 MP: 6/6
   222 | D:1      | Reached XP level 2. HP: 13/19 MP: 1/7
   353 | D:1      | Learned a level 2 spell: Poisonous Vapours
   671 | D:1      | Reached skill level 5 in Spellcasting
   671 | D:1      | Reached XP level 3. HP: 25/25 MP: 5/9
  1149 | D:2      | Reached skill level 1 in Invocations
  1179 | D:2      | Reached skill level 1 in Fighting
  1179 | D:2      | Reached skill level 1 in Short Blades
  1179 | D:2      | Reached skill level 1 in Long Blades
  1179 | D:2      | Reached skill level 1 in Axes
  1179 | D:2      | Reached skill level 1 in Maces & Flails
  1179 | D:2      | Reached skill level 1 in Polearms
  1179 | D:2      | Reached skill level 1 in Staves
  1179 | D:2      | Reached skill level 1 in Ranged Weapons
  1179 | D:2      | Reached skill level 1 in Throwing
  1179 | D:2      | Reached skill level 1 in Armour
  1179 | D:2      | Reached skill level 1 in Shields
  1179 | D:2      | Reached skill level 1 in Unarmed Combat
  1179 | D:2      | Reached skill level 1 in Evocations
  1179 | D:2      | Reached XP level 4. HP: 32/32 MP: 7/11
  1230 | D:2      | Learned a level 3 spell: Mephitic Cloud
  1360 | D:2      | Found a faded altar of an unknown god.
  1361 | D:2      | Identified the +7 long sword of the Extremely Mad {freeze,
                  | rPois rC+ Int+3}
  1563 | D:2      | You fall into a shaft and drop 1 floor!
  1582 | D:3      | Reached skill level 1 in Conjurations
  1582 | D:3      | Reached skill level 1 in Hexes
  1582 | D:3      | Reached skill level 1 in Summonings
  1582 | D:3      | Reached skill level 1 in Necromancy
  1582 | D:3      | Reached skill level 1 in Translocations
  1582 | D:3      | Reached skill level 1 in Fire Magic
  1582 | D:3      | Reached skill level 1 in Ice Magic
  1582 | D:3      | Reached skill level 1 in Air Magic
  1582 | D:3      | Reached skill level 1 in Earth Magic
  1740 | D:3      | Noticed Grinder
  1751 | D:3      | Reached XP level 5. HP: 35/37 MP: 9/12
  2550 | D:3      | Noticed Sigmund
  2762 | D:4      | Noticed a water moccasin
  2972 | D:3      | Noticed Jessica
  2976 | D:3      | Killed Sigmund
  2977 | D:3      | Reached skill level 5 in Dodging
  2977 | D:3      | Reached XP level 6. HP: 37/44 MP: 8/14
  2979 | D:3      | Killed Jessica
  3006 | D:3      | Found a glowing golden altar of the Shining One.
  3438 | D:4      | Reached XP level 7. HP: 44/50 MP: 12/15
  3692 | D:4      | Found a glowing silver altar of Zin.
  3846 | D:5      | Entered Level 5 of the Dungeon
  4061 | D:5      | Reached skill level 5 in Stealth
  4176 | D:5      | Found a staircase to the Ecumenical Temple.
  4184 | Temple   | Entered the Ecumenical Temple
  4411 | Temple   | Became a worshipper of Nemelex Xobeh the Trickster
  4489 | D:5      | Found a shimmering blue altar of Sif Muna.
  4676 | D:5      | Reached XP level 8. HP: 57/58 MP: 13/16
  4719 | D:5      | Noticed a wyvern
  4730 | D:5      | Killed a wyvern
  4966 | D:6      | Noticed Blork the orc
  5213 | D:6      | Reached XP level 9. HP: 48/65 MP: 16/18
  5443 | D:6      | Noticed Duvessa
  5568 | D:6      | Killed Duvessa
  5570 | D:6      | Noticed Dowan
  5576 | D:6      | Killed Dowan
  5700 | D:6      | Killed Blork the orc
  5893 | D:6      | Reached skill level 5 in Invocations
  6158 | D:6      | Found an ancient bone altar of Kikubaaqudgha.
  6219 | D:6      | Identified a scroll of acquirement
  6219 | D:6      | Acquired the ring "Jirphi Xuca" {MP+9 Str+2}
  6271 | D:6      | Learned a level 4 spell: Olgreb's Toxic Radiance
  6433 | D:7      | Reached * piety under Nemelex Xobeh
  6808 | D:7      | Received a gift from Nemelex Xobeh
  7398 | D:7      | Upgraded the game from 0.30-a0-772-g5528072125 to
                  | 0.30-a0-777-ga9a30cbeda
  7657 | D:8      | Reached ** piety under Nemelex Xobeh
  7787 | D:8      | Reached skill level 5 in Fighting
  7787 | D:8      | Reached skill level 5 in Short Blades
  7787 | D:8      | Reached skill level 5 in Long Blades
  7787 | D:8      | Reached skill level 5 in Axes
  7787 | D:8      | Reached skill level 5 in Maces & Flails
  7787 | D:8      | Reached skill level 5 in Polearms
  7787 | D:8      | Reached skill level 5 in Staves
  7787 | D:8      | Reached skill level 5 in Ranged Weapons
  7787 | D:8      | Reached skill level 5 in Throwing
  7787 | D:8      | Reached skill level 5 in Armour
  7787 | D:8      | Reached skill level 5 in Shields
  7787 | D:8      | Reached skill level 5 in Unarmed Combat
  7787 | D:8      | Reached skill level 5 in Evocations
  7794 | D:8      | Reached XP level 10. HP: 70/74 MP: 20/20
  8503 | D:9      | Reached skill level 5 in Transmutations
  8993 | D:9      | Found a staircase to the Lair.
  9188 | D:9      | Noticed a two-headed ogre
  9226 | D:9      | Killed a two-headed ogre
  9428 | D:10     | Entered Level 10 of the Dungeon
  9690 | D:10     | Identified the +1 helmet of Agoraphobia {rPois rC- Will++
                  | rCorr}
  9802 | D:10     | Killed an unseen horror
 10224 | D:10     | Reached *** piety under Nemelex Xobeh
 10253 | D:10     | Received a gift from Nemelex Xobeh
 10618 | D:4      | Acquired the Excursus on Weird Immolation
 10624 | D:4      | Learned a level 3 spell: Ignite Poison
 10709 | D:3      | Killed Grinder
 11001 | D:11     | Reached skill level 5 in Conjurations
 11001 | D:11     | Reached skill level 5 in Hexes
 11001 | D:11     | Reached skill level 5 in Summonings
 11001 | D:11     | Reached skill level 5 in Necromancy
 11001 | D:11     | Reached skill level 5 in Translocations
 11001 | D:11     | Reached skill level 5 in Fire Magic
 11001 | D:11     | Reached skill level 5 in Ice Magic
 11001 | D:11     | Reached skill level 5 in Air Magic
 11001 | D:11     | Reached skill level 5 in Earth Magic
 11002 | D:11     | Reached XP level 11. HP: 81/81 MP: 22/22
 11167 | D:11     | Noticed a cyclops
 11187 | D:11     | Killed a cyclops
 11411 | D:11     | Noticed a two-headed ogre
 11421 | D:11     | Killed a two-headed ogre
 11535 | D:11     | Noticed a cyclops
 11538 | D:11     | Reached XP level 12. HP: 91/91 MP: 24/24
 11539 | D:11     | Reached XP level 13. HP: 98/98 MP: 26/26
 11574 | D:11     | Received a gift from Nemelex Xobeh
 11764 | D:11     | Identified the amulet of Duilaib {RegenMP rF+ Slay+2}
 12139 | Lair:1   | Entered Level 1 of the Lair of Beasts
 12159 | Lair:1   | Reached **** piety under Nemelex Xobeh
 12168 | Lair:1   | Received a gift from Nemelex Xobeh
 13335 | Lair:2   | Found a gate leading to a gauntlet.
 13351 | Lair:2   | Found a staircase to the Swamp.
 13371 | Gauntlet | Entered a Gauntlet
 13371 | Gauntlet | Found a transporter.
 13371 | Gauntlet | Found a transporter.
 13433 | Gauntlet | Found a transporter.
 13450 | Gauntlet | Found a transporter.
 13450 | Gauntlet | Found a transporter.
 13452 | Gauntlet | Found a transporter.
 13454 | Gauntlet | Found a transporter.
 13454 | Gauntlet | Found a transporter.
 13458 | Gauntlet | Received a gift from Nemelex Xobeh
 13459 | Gauntlet | Noticed a great orb of eyes
 13469 | Gauntlet | Found a transporter.
 13482 | Gauntlet | Found a transporter.
 13494 | Gauntlet | Found a transporter.
 13508 | Gauntlet | Found a transporter.
 13528 | Gauntlet | Found a transporter.
 13529 | Gauntlet | Found a runed translucent door.
 13543 | Gauntlet | Found a transporter.
 13708 | Gauntlet | Identified the +4 helmet "Wuwneddiw" {rN+ Str+2 Dex-4}
 13770 | Gauntlet | Reached skill level 10 in Spellcasting
 14020 | Gauntlet | Killed a great orb of eyes
 14175 | Gauntlet | Identified the +1 cloak of Loram {rPois Will+ Int-4 SInv}
 14179 | Gauntlet | Identified the +5 ring mail "Niang" {rElec rPois Regen+
                  | rCorr}
 14179 | Gauntlet | Noticed a minotaur
 14192 | Gauntlet | Killed a minotaur
 14232 | Gauntlet | Got the Lessons on Shifting
 14325 | Lair:2   | Reached XP level 14. HP: 106/106 MP: 28/28
 14351 | Lair:2   | Reached skill level 10 in Dodging
 14558 | Lair:2   | Received a gift from Nemelex Xobeh
 14769 | Lair:2   | Found a runed translucent door.
 14773 | Lair:2   | Noticed a tentacled starspawn
 14861 | Lair:3   | Found a hole to the Spider Nest.
 15048 | Lair:3   | Reached skill level 10 in Stealth
 15185 | Lair:3   | Reached skill level 10 in Invocations
 15225 | Lair:3   | Received a gift from Nemelex Xobeh
 15663 | Lair:3   | Received a gift from Nemelex Xobeh
 15807 | Lair:4   | Reached ***** piety under Nemelex Xobeh
 16000 | Lair:4   | Received a gift from Nemelex Xobeh
 16165 | Lair:4   | Found a runed translucent door.
 16166 | Lair:4   | Noticed Crownlay's ghost (journeyman GrEE)
 16167 | Lair:4   | Identified the +11 trident of Ujynosea {protect, Will+
                  | Dex+4 SInv}
 16687 | Lair:5   | Entered Level 5 of the Lair of Beasts
 16880 | Lair:5   | Reached XP level 15. HP: 115/115 MP: 30/30
 16953 | Lair:5   | Received a gift from Nemelex Xobeh
 16992 | Lair:5   | Reached skill level 10 in Poison Magic
 17055 | Lair:5   | Found a staircase to the Slime Pits.
 17127 | Lair:5   | Reached skill level 10 in Fighting
 17127 | Lair:5   | Reached skill level 10 in Short Blades
 17127 | Lair:5   | Reached skill level 10 in Long Blades
 17127 | Lair:5   | Reached skill level 10 in Axes
 17127 | Lair:5   | Reached skill level 10 in Maces & Flails
 17127 | Lair:5   | Reached skill level 10 in Polearms
 17127 | Lair:5   | Reached skill level 10 in Staves
 17127 | Lair:5   | Reached skill level 10 in Ranged Weapons
 17127 | Lair:5   | Reached skill level 10 in Throwing
 17127 | Lair:5   | Reached skill level 10 in Armour
 17127 | Lair:5   | Reached skill level 10 in Shields
 17127 | Lair:5   | Reached skill level 10 in Unarmed Combat
 17127 | Lair:5   | Reached skill level 10 in Evocations
 17588 | Lair:5   | Received a gift from Nemelex Xobeh
 17786 | Lair:5   | Learned a level 4 spell: Sticky Flame
 18359 | D:12     | Received a gift from Nemelex Xobeh
 18568 | D:12     | Found a staircase to the Orcish Mines.
 18718 | D:12     | Found a radiant altar of Vehumet.
 18818 | D:12     | Noticed Erolcha
 18827 | D:12     | Killed Erolcha
 19002 | D:13     | Found Azuzivue's Weapon Emporium.
 19024 | D:13     | Found Golur's Antique Armour Shop.
 19162 | D:13     | Found Vaich's Jewellery Emporium.
 19168 | D:13     | Received a gift from Nemelex Xobeh
 19308 | D:13     | Found Joelo's Assorted Antiques.
 19312 | D:13     | Bought a potion of heal wounds for 140 gold pieces
 19540 | D:13     | Reached ****** piety under Nemelex Xobeh
 19557 | D:13     | Bought a pair of embroidered boots for 225 gold pieces
 19716 | D:13     | Found a gate to the Vaults.
 19830 | D:13     | Received a gift from Nemelex Xobeh
 19955 | D:13     | Found Puotax's Book Emporium.
 20308 | Orc:1    | Entered Level 1 of the Orcish Mines
 20310 | Orc:1    | Found an iron altar of Okawaru.
 20451 | Orc:1    | Found a runed translucent gate.
 20451 | Orc:1    | Found a runed translucent gate.
 20451 | Orc:1    | Found a runed translucent gate.
 20453 | Orc:1    | Noticed Crownlay's ghost (journeyman GrEE)
 20453 | Orc:1    | Noticed Leosebu's ghost (adept DjCj)
 20455 | Orc:1    | Noticed Nethreeru's ghost (journeyman MiFi)
 20455 | Orc:1    | Noticed Umososh's ghost (journeyman MiBe)
 20455 | Orc:1    | Noticed Ovifeoxt's ghost (journeyman DsEE)
 20649 | Orc:1    | Received a gift from Nemelex Xobeh
 20845 | Orc:2    | Entered Level 2 of the Orcish Mines
 20973 | Orc:2    | Reached XP level 16. HP: 100/124 MP: 31/31
 21082 | Orc:2    | Found Qiogroni's Antique Weapon Shoppe.
 21082 | Orc:2    | Found Vafoa's Weapon Shop.
 21083 | Orc:2    | Found Keohorreiph's Assorted Antiques.
 21083 | Orc:2    | Found Veqoty's Book Emporium.
 21136 | Orc:2    | Received a gift from Nemelex Xobeh
 21172 | Orc:2    | Found a staircase to the Elven Halls.
 21343 | Orc:2    | Learned a level 4 spell: Dispel Undead
 21349 | Orc:2    | Learned a level 5 spell: Borgnjor's Vile Clutch
 21471 | D:14     | Found a runed translucent door.
 21494 | D:14     | Found a runed translucent door.
 21546 | D:14     | Found a runed translucent door.
 21558 | D:14     | Found a runed translucent door.
 21742 | D:14     | Found a shadowy altar of Dithmenos.
 21862 | D:14     | Found a huge runed translucent gate.
 21863 | D:14     | Found a huge runed translucent gate.
 21864 | D:14     | Found a huge runed translucent gate.
 21865 | D:14     | Found a huge runed translucent gate.
 21947 | D:14     | Received a gift from Nemelex Xobeh
 22255 | D:15     | Entered Level 15 of the Dungeon
 22515 | D:15     | Found a white marble altar of Elyvilon.
 22559 | D:15     | Noticed Rupert
 22567 | D:15     | Killed Rupert
 22754 | D:15     | Received a gift from Nemelex Xobeh
 22916 | D:15     | Found a staircase to the Depths.
 23003 | D:15     | Reached skill level 10 in Transmutations
 23415 | Lair:2   | Killed a tentacled starspawn
 23556 | Spider:1 | Entered Level 1 of the Spider Nest
 23719 | Spider:1 | Reached XP level 17. HP: 131/131 MP: 33/33
 23773 | Spider:1 | Received a gift from Nemelex Xobeh
 24300 | Spider:1 | Received a gift from Nemelex Xobeh
 24401 | Spider:2 | Acquired the +10 tower shield of Ignorance {rN+ Int-4}
 24401 | Spider:2 | Found the +10 tower shield of Ignorance {rN+ Int-4}
 24439 | Spider:2 | Learned a level 5 spell: Summon Mana Viper
 24470 | Spider:2 | Reached skill level 10 in Conjurations
 24470 | Spider:2 | Reached skill level 10 in Hexes
 24470 | Spider:2 | Reached skill level 10 in Summonings
 24470 | Spider:2 | Reached skill level 10 in Necromancy
 24470 | Spider:2 | Reached skill level 10 in Translocations
 24470 | Spider:2 | Reached skill level 10 in Fire Magic
 24470 | Spider:2 | Reached skill level 10 in Ice Magic
 24470 | Spider:2 | Reached skill level 10 in Air Magic
 24470 | Spider:2 | Reached skill level 10 in Earth Magic
 24710 | Spider:2 | Received a gift from Nemelex Xobeh
 25283 | Spider:3 | Received a gift from Nemelex Xobeh
 25955 | Spider:3 | Received a gift from Nemelex Xobeh
 26511 | Spider:4 | Entered Level 4 of the Spider Nest
 26853 | Spider:4 | Noticed Roxanne
 26885 | Spider:4 | Noticed Mara
 26898 | Spider:4 | Noticed rlgrobin's illusion
 26914 | Spider:4 | Killed Mara
 26915 | Spider:4 | Reached XP level 18. HP: 141/141 MP: 35/35
 26919 | Spider:4 | Noticed Kirke
 26924 | Spider:4 | Kirke changed into Kirke the eleionoma
 26924 | Spider:4 | Noticed Kirke
 26933 | Spider:4 | Killed Kirke the eleionoma
 27627 | Spider:4 | Identified the +1 trident "Kofoenub" {freeze, rC- rN+
                  | Int+2}
 27675 | Spider:4 | Got a gossamer rune of Zot
 27899 | Swamp:1  | Entered Level 1 of the Swamp
 28085 | Swamp:1  | Received a gift from Nemelex Xobeh
 28208 | Swamp:1  | Noticed Frances
 28220 | Swamp:1  | Killed Frances
 28384 | Swamp:1  | Found a runed translucent door.
 29242 | Swamp:2  | Received a gift from Nemelex Xobeh
 29913 | Swamp:4  | Entered Level 4 of the Swamp
 29961 | Swamp:4  | Received a gift from Nemelex Xobeh
 30260 | Swamp:4  | Noticed Nikola
 30265 | Swamp:4  | Nikola changed into Nikola the caustic shrike
 30265 | Swamp:4  | Noticed Nikola
 30265 | Swamp:4  | Nikola the caustic shrike changed into Nikola the bunyip
 30265 | Swamp:4  | Noticed Nikola
 30273 | Swamp:4  | Reached XP level 19. HP: 73/149 MP: 37/37
 30273 | Swamp:4  | Killed Nikola the bunyip
 30410 | Swamp:4  | Identified the +0 scale mail "Xott" {Slay+3}
 30459 | Swamp:4  | Received a gift from Nemelex Xobeh
 31172 | Swamp:4  | Got a decaying rune of Zot
 31190 | Swamp:4  | Noticed a tentacled monstrosity
 31205 | Swamp:4  | Killed a tentacled monstrosity
 31513 | Lair:4   | Killed Crownlay's ghost
 31913 | Orc:1    | Killed Leosebu's ghost
 31915 | Orc:1    | Killed Umososh's ghost
 31919 | Orc:1    | Killed Nethreeru's ghost
 31933 | Orc:1    | Killed Crownlay's ghost
 31937 | Orc:1    | Killed Ovifeoxt's ghost
 31993 | Orc:1    | Identified the ring of Wibud {+Blink MP-9 Int+4 Dex+6
                  | Stlth+}
 32138 | Vaults:1 | Entered Level 1 of the Vaults
 33118 | Vaults:1 | Received a gift from Nemelex Xobeh
 33466 | Vaults:1 | Reached skill level 15 in Invocations
 33466 | Vaults:1 | Reached XP level 20. HP: 106/158 MP: 32/38
 33707 | Vaults:1 | Found a runed translucent door.
 33708 | Vaults:1 | Noticed Flugslaktarn's ghost (adept HOFi)
 33968 | Vaults:1 | Killed Flugslaktarn's ghost
 34219 | Vaults:2 | Received a gift from Nemelex Xobeh
 34621 | Vaults:2 | Found Duahik's Weapon Emporium.
 34622 | Vaults:2 | Received a gift from Nemelex Xobeh
 34640 | Vaults:2 | Found Liwececu's Antique Weapon Shoppe.
 34746 | Vaults:2 | Reached skill level 15 in Spellcasting
 35019 | Vaults:2 | Identified the +4 broad axe "Akesaapt" {freeze, Int+4}
 35182 | Vaults:2 | Found Fasso's Armour Boutique.
 35341 | Vaults:2 | Received a gift from Nemelex Xobeh
 35395 | Vaults:2 | Found Potieh's Assorted Antiques.
 35400 | Vaults:2 | Bought a pair of slimy boots for 313 gold pieces
 35400 | Vaults:2 | Identified the +1 pair of boots of Wirphy {Contam Int+5
                  | SInv} (You bought it in a shop on level 2 of the Vaults)
 36045 | Vaults:3 | Reached skill level 15 in Dodging
 36392 | Vaults:3 | Found a staircase to the Crypt.
 36411 | Vaults:3 | Received a gift from Nemelex Xobeh
 36635 | Vaults:3 | Reached skill level 15 in Stealth
 36968 | Vaults:3 | Received a gift from Nemelex Xobeh
 37119 | Vaults:3 | Received a gift from Nemelex Xobeh
 37277 | Vaults:4 | Found Seutsalo's Antique Armour Shoppe.
 37280 | Vaults:4 | Bought a shiny buckler for 255 gold pieces
 37294 | Vaults:4 | Bought a bloodstained troll leather armour for 680 gold
                  | pieces
 37294 | Vaults:4 | Identified the +4 troll leather armour of Urraucul {rC++
                  | Regen+ MP-9 Dex+2 SInv} (You bought it in a shop on level 4
                  | of the Vaults)
 37440 | Vaults:4 | Reached XP level 21. HP: 133/166 MP: 28/40
 37613 | Vaults:4 | Found Vaqyjofu's Book Shoppe.
 37763 | Vaults:4 | Found Qeniatek's Distillery.
 37770 | Vaults:4 | Bought a potion of heal wounds for 75 gold pieces
 37902 | Vaults:4 | Noticed Jory
 37909 | Vaults:4 | Found Ginu's Antique Armour Emporium.
 38004 | Vaults:4 | Bought a faintly humming helmet for 408 gold pieces
 38004 | Vaults:4 | Identified the +1 helmet "Tibitoce" {Rampage Drain rF+}
                  | (You bought it in a shop on level 4 of the Vaults)
 38007 | Vaults:4 | Bought a transparent chain mail for 408 gold pieces
 38007 | Vaults:4 | Identified the +6 chain mail of Peek-a-Boo {rCorr} (You
                  | bought it in a shop on level 4 of the Vaults)
 38258 | Vaults:4 | Identified the amulet of Zekkown {Spirit -Cast rN+ Dex+2}
 38300 | Vaults:4 | Received a gift from Nemelex Xobeh
 38421 | Vaults:4 | Identified the -1 quarterstaff "Killer Bee's Doom" {flame,
                  | MP+9 Dex+3 SInv Stlth-}
 38435 | Vaults:4 | Killed Jory
 38628 | Vaults:4 | Found Naodeetemp's Assorted Antiques.
 38631 | Vaults:4 | Bought a runed double sword for 414 gold pieces
 38813 | Depths:1 | Entered Level 1 of the Depths
 39104 | Depths:1 | Found a gateway to Hell.
 39314 | Depths:1 | Received a gift from Nemelex Xobeh
 39406 | Depths:1 | Reached skill level 15 in Fighting
 39406 | Depths:1 | Reached skill level 15 in Short Blades
 39406 | Depths:1 | Reached skill level 15 in Long Blades
 39406 | Depths:1 | Reached skill level 15 in Axes
 39406 | Depths:1 | Reached skill level 15 in Maces & Flails
 39406 | Depths:1 | Reached skill level 15 in Polearms
 39406 | Depths:1 | Reached skill level 15 in Staves
 39406 | Depths:1 | Reached skill level 15 in Ranged Weapons
 39406 | Depths:1 | Reached skill level 15 in Throwing
 39406 | Depths:1 | Reached skill level 15 in Armour
 39406 | Depths:1 | Reached skill level 15 in Shields
 39406 | Depths:1 | Reached skill level 15 in Unarmed Combat
 39406 | Depths:1 | Reached skill level 15 in Evocations
 40589 | Depths:2 | Received a gift from Nemelex Xobeh
 40823 | Depths:2 | Noticed a golden dragon
 40832 | Depths:2 | Killed a golden dragon
 40847 | Depths:2 | Reached XP level 22. HP: 175/175 MP: 28/41
 41293 | Depths:2 | Identified the -1 long sword of Indomitability {speed,
                  | Dex+5}
 41715 | Depths:2 | Found a one-way gate leading to the halls of Pandemonium.
 41899 | Depths:2 | Learned a level 5 spell: Silence
 42342 | Depths:3 | Received a gift from Nemelex Xobeh
 42564 | Depths:3 | Noticed a juggernaut
 42581 | Depths:3 | Killed a juggernaut
 42689 | Depths:3 | Identified the +5 falchion of Dissatisfaction {freeze,
                  | Will+}
 43166 | Depths:3 | Received a gift from Nemelex Xobeh
 43264 | Depths:3 | Noticed a caustic shrike
 43276 | Depths:3 | Killed a caustic shrike
 43667 | Depths:3 | Identified the ring of Punlul {Fire +Blink rElec Int+5
                  | Dex-2}
 43721 | Depths:3 | Found a one-way gateway to a ziggurat.
 43721 | Depths:3 | Noticed a caustic shrike
 43734 | Depths:3 | Reached XP level 23. HP: 183/183 MP: 40/43
 43870 | Depths:3 | Killed a caustic shrike
 43874 | Depths:3 | Identified the amulet "Riwucko" {rPois rC- Regen+ Stlth+}
 43923 | Depths:3 | Noticed a golden dragon
 43936 | Depths:3 | Killed a golden dragon
 44070 | Depths:3 | Identified the +6 broad axe of Itogythang {protect, rC+
                  | Str+3}
 44089 | Depths:3 | Found a one-way gate to the infinite horrors of the Abyss.
 44102 | Depths:3 | Identified the +2 leather armour of the Trombone {Harm
                  | Str-2 SInv}
 44656 | Depths:4 | Entered Level 4 of the Depths
 44752 | Depths:4 | Received a gift from Nemelex Xobeh
 45193 | Depths:4 | Identified the ring "Xuvudoath" {rElec rC- Will+++ rCorr
                  | EV+5}
 45654 | Depths:4 | Noticed a golden dragon
 45696 | Depths:4 | Killed a golden dragon
 45797 | Depths:4 | Found a gate to the Realm of Zot.
 46186 | Depths:4 | Reached skill level 15 in Poison Magic
 46314 | Depths:4 | Received a gift from Nemelex Xobeh
 46718 | Elf:1    | Entered Level 1 of the Elven Halls
 46737 | Elf:1    | Reached XP level 24. HP: 178/193 MP: 37/44
 46958 | Elf:1    | Found Wixteh's General Store.
 47032 | Elf:1    | Found Qamoe's Book Boutique.
 47233 | Elf:1    | Found Kyfog's Distillery.
 47237 | Elf:1    | Found Suwilip's Book Shoppe.
 47266 | Elf:1    | Bought a potion of heal wounds for 70 gold pieces
 47332 | Elf:1    | Found Leevigar's Antique Weapon Boutique.
 47332 | Elf:1    | Found Ratuuh's Jewellery Shop.
 47333 | Elf:1    | Found Ebapluq's Magic Scroll Boutique.
 47336 | Elf:1    | Found Saevum's Antique Weapon Shop.
 47336 | Elf:1    | Received a gift from Nemelex Xobeh
 47512 | Elf:1    | Found a runed translucent gate.
 47512 | Elf:1    | Found a runed translucent gate.
 47512 | Elf:1    | Found a runed translucent gate.
 47512 | Elf:1    | Found a runed translucent gate.
 47512 | Elf:1    | Found a runed translucent gate.
 47513 | Elf:1    | Found a runed translucent gate.
 47517 | Elf:1    | Identified the +0 pair of boots "Anent" {Str+3}
 47627 | Elf:1    | Found Ethren's Jewellery Emporium.
 48237 | Elf:2    | Received a gift from Nemelex Xobeh
 48298 | Elf:2    | Found a runed translucent gate.
 48301 | Elf:2    | Found a runed translucent gate.
 48301 | Elf:2    | Found a runed translucent gate.
 48382 | Elf:2    | Identified the +2 pair of gloves of Zin's Grace {rC+ Str+3}
 48858 | Elf:2    | Noticed Jorgrun
 48883 | Elf:2    | Killed Jorgrun
 48996 | Elf:2    | Received a gift from Nemelex Xobeh
 49347 | Elf:3    | Entered Level 3 of the Elven Halls
 49369 | Elf:3    | Found Katyol's Magic Scroll Shoppe.
 49390 | Elf:3    | Bought a scroll of acquirement for 832 gold pieces
 49394 | Elf:3    | Acquired the +0 tower shield of Kixtou Fimm {MP+9 Int+4
                  | Dex+2 Stlth+}
 49530 | Elf:3    | Received a gift from Nemelex Xobeh
 50039 | Elf:3    | Identified the +1 quarterstaff of Inference {flame, rF+
                  | SInv}
 50162 | Elf:3    | Identified the ring "Oneat" {Fire rPois Int+3}
 50294 | Elf:3    | Reached XP level 25. HP: 201/201 MP: 37/44
 50354 | Elf:3    | Found the +6 arbalest "Damnation" {damnation}
 50356 | Elf:3    | Identified the +0 scale mail "Byenih" {rElec rF+}
 50357 | Elf:3    | Identified the +0 plate armour of Forking Paths {-Cast rF+
                  | Stlth+}
 50413 | Elf:3    | Learned a level 7 spell: Haunt
 50480 | Elf:3    | Identified the +8 lajatang of Taymir {pain, *Slow Int+6}
 50506 | Elf:3    | Got the Encyclopedia of Diablerie
 50672 | Elf:3    | Received a gift from Nemelex Xobeh
 50696 | Elf:3    | Found a radiant altar of Vehumet.
 50997 | Crypt:1  | Entered Level 1 of the Crypt
 51352 | Crypt:1  | Found a runed translucent gate.
 51352 | Crypt:1  | Found a runed translucent gate.
 51352 | Crypt:1  | Found a runed translucent gate.
 51353 | Crypt:1  | Found an iron altar of Okawaru.
 51353 | Crypt:1  | Noticed Nofozin's ghost (veteran FoFi)
 51623 | Crypt:1  | Noticed Sojobo
 51629 | Crypt:1  | Paralysed by an air elemental for 1 turns
 51630 | Crypt:1  | Killed Sojobo
 51894 | Crypt:1  | Reached skill level 15 in Transmutations
 52045 | Crypt:1  | You fall into a shaft and drop 1 floor!
 52164 | Crypt:2  | Found a magical portal.
 52172 | WizLab   | Entered Borgnjor's Mausoleum
 52750 | WizLab   | Reached skill level 15 in Conjurations
 52750 | WizLab   | Reached skill level 15 in Hexes
 52750 | WizLab   | Reached skill level 15 in Summonings
 52750 | WizLab   | Reached skill level 15 in Necromancy
 52750 | WizLab   | Reached skill level 15 in Translocations
 52750 | WizLab   | Reached skill level 15 in Fire Magic
 52750 | WizLab   | Reached skill level 15 in Ice Magic
 52750 | WizLab   | Reached skill level 15 in Air Magic
 52750 | WizLab   | Reached skill level 15 in Earth Magic
 53087 | Crypt:2  | Found a transporter.
 53092 | Crypt:2  | Received a gift from Nemelex Xobeh
 53139 | Crypt:2  | Found a runed translucent gate.
 53141 | Crypt:2  | Noticed Nuh Ema's ghost (veteran HuVM)
 53142 | Crypt:2  | Found a runed translucent gate.
 53143 | Crypt:2  | Found a runed translucent gate.
 53148 | Crypt:2  | Identified the +7 quarterstaff of the Purple Skies {freeze,
                  | Fly rC+ Str+4}
 53210 | Crypt:2  | Found a transporter.
 53436 | Crypt:2  | Received a gift from Nemelex Xobeh
 53731 | Crypt:2  | Identified the ring of Zykkosur {rCorr Str+6}
 53878 | Crypt:1  | Noticed a royal mummy
 53887 | Crypt:1  | Killed a royal mummy
 53963 | Crypt:1  | Noticed a royal mummy
 53992 | Crypt:1  | Killed a royal mummy
 54047 | Crypt:1  | Noticed a royal mummy
 54052 | Crypt:1  | Killed a royal mummy
 54085 | Crypt:1  | Found the +7 sceptre of Torment {pain, torment}
 54427 | Crypt:1  | Killed Nofozin's ghost
 54658 | Crypt:1  | Identified the +1 helmet "Kotiy" {Str+4}
 54715 | Crypt:3  | Entered Level 3 of the Crypt
 55149 | Crypt:3  | Reached XP level 26. HP: 169/211 MP: 30/45
 56043 | Crypt:3  | Found a staircase to the Tomb.
 56399 | Crypt:3  | Noticed an ancient lich
 56406 | Crypt:3  | Killed an ancient lich
 56460 | Crypt:3  | Found the +6 Majin-Bo {spellvamp, MP+6 Int+6}
 56491 | Crypt:3  | Identified the ring of the Genius {Fly rPois}
 57156 | Crypt:2  | Killed Nuh Ema's ghost
 57204 | Crypt:2  | Identified the +5 barding of the Equator {Dex+2}
 57272 | Crypt:2  | Noticed a dread lich
 57280 | Crypt:2  | Noticed a dread lich
 57321 | Crypt:2  | Killed a dread lich
 57459 | Crypt:2  | Identified the amulet of Kisuas {Reflect Will++ Dex-5 SH+5}
 57482 | Crypt:2  | Identified the ring "Gatickuwegg" {Wiz Str+3 Dex-2 SInv
                  | Stlth+}
 57681 | Vaults:5 | Entered Level 5 of the Vaults
 57851 | Vaults:5 | Noticed Margery
 57929 | Vaults:5 | Received a gift from Nemelex Xobeh
 58274 | Vaults:5 | Noticed an ancient lich
 58340 | Vaults:5 | Identified the +1 chain mail of Pride {rN+ Str+3}
 58354 | Vaults:5 | Killed an ancient lich
 58355 | Vaults:5 | Reached XP level 27. HP: 219/219 MP: 39/46
 58605 | Vaults:5 | Received a gift from Nemelex Xobeh
 58639 | Vaults:5 | Found Besilong's Book Shop.
 58640 | Vaults:5 | Found Remux Bin's Antique Armour Shop.
 58648 | Vaults:5 | Bought an embroidered cloak for 172 gold pieces
 58683 | Vaults:5 | Killed Margery
 58843 | Vaults:5 | Got a silver rune of Zot
 58948 | Vaults:5 | Noticed an ancient lich
 58953 | Vaults:5 | Killed an ancient lich
 59049 | Vaults:5 | Received a gift from Nemelex Xobeh
 59188 | Vaults:5 | Noticed a dread lich
 59196 | Vaults:5 | Killed a dread lich
 59227 | Vaults:5 | Identified the +2 hand axe "Impslayer" {drain, rElec Str+2}
 59334 | Vaults:5 | Found Enogam's Magic Scroll Boutique.
 59342 | Vaults:5 | Found Vuofuq Doge's Jewellery Shoppe.
 59463 | Vaults:5 | Learned a level 5 spell: Yara's Violent Unravelling
 59790 | Zot:1    | Entered Level 1 of the Realm of Zot
 59806 | Zot:1    | Found a transporter.
 59807 | Zot:1    | Found a transporter.
 59809 | Zot:1    | Noticed an orb of fire
 59813 | Zot:1    | Noticed Oczupsu's ghost (legendary GrFi)
 59813 | Zot:1    | Noticed Monuoraozee's ghost (legendary GnTm)
 60041 | Zot:1    | Received a gift from Nemelex Xobeh
 60213 | Zot:1    | Identified the ring of the Unkillable {Ice rElec rN+ rCorr
                  | Dex+2}
 60213 | Zot:1    | Noticed Josephina
 60220 | Zot:1    | Killed Josephina
 60784 | Zot:1    | Identified the amulet "Pelif" {Acrobat Contam Fragile rPois
                  | Will++}
 60801 | Zot:1    | Identified the ring "Hustru" {Wiz rC- Str+8}
 61309 | Zot:2    | Noticed Vv
 61311 | Zot:2    | Received a gift from Nemelex Xobeh
 61353 | Zot:2    | Killed Vv
 62273 | Zot:2    | Received a gift from Nemelex Xobeh
 62836 | Zot:3    | Received a gift from Nemelex Xobeh
 63050 | Zot:3    | Noticed an orb of fire
 63266 | Zot:3    | Received a gift from Nemelex Xobeh
 63642 | Zot:4    | Found the +4 dragonskin cloak
 63642 | Zot:4    | Noticed Tiamat
 64251 | Zot:4    | HP: 8/222 [green draconian monk (13)]
 64252 | Zot:4    | Succumbed to a green draconian monk's poison

Illustrated notes

Levels and vault maps discovered:
D:1:      dpeg_arrival_court, layout_loops_ring, minmay_misc_feat_room
D:2:      layout_basic, chequers_ecumenical_altar_island, minmay_crystal_water
D:3:      layout_loops_ring, nicolae_tso_swordbearing_angel, grunt_ministairs_8,
          minmay_misc_feat_x, hangedman_feature_mirror, chequers_hall_statues_y,
          uniq_jessica, uniq_sigmund, uniq_grinder
D:4:      layout_rooms, mainiacjoe_overflow_alcove_1,
          hangedman_abyss_or_decor_stabs, wad_orctagon
D:5:      minmay_diamond_boxcup, layout_rooms, mainiacjoe_overflow_brackets,
          minmay_temple_entry_tees
D:6:      layout_rooms, kennysheep_vampire_church, minmay_liquid_box,
          st_stairs_9, uniq_blork_the_orc, uniq_duvessa
D:7:      layout_basic
D:8:      layout_basic
D:9:      layout_loops_ring, lair_entry_dummy
D:10:     layout_stronghold, minivault_27
D:11:     nicolae_BIG_FREAKIN_CUBE, layout_stronghold,
          kennysheep_opposing_triangles
D:12:     layout_long_grid, david_orc_2, nicolae_vehumet_altar_sigil,
          uniq_erolcha
D:13:     layout_basic, grunt_vaults_entry_fortified, serial_shops,
          nicolae_stop_n_shop_2, nicolae_shop_behind_doors,
          nicolae_shop_waterfront, shop_fountains, shop_statue
D:14:     lemuel_bear_cage, layout_gridville, grunt_dithmenos_smoke_and_mirrors,
          minmay_statue_crystal_thing
D:15:     hangedman_depths_entry_civil_slaughter, layout_cave_pools,
          grunt_decor_clamped, elyvilon_altar_3, uniq_rupert
Temple:   mainiacjoe_temple_bowtie_tessellation
Lair:1:   layout_cave_pods
Lair:2:   layout_roguey, skrybe_swamp_entry_bodies, gauntlet_entry_generic,
          pdpol_lair_cabin_in_the_woods
Lair:3:   layout_gridlike, spider_nest_entry_webs
Lair:4:   layout_regular_city, ebering_ghost_funeral_grove
Lair:5:   hangedman_lair_tendril_chambers, layout_misc_corridors,
          minmay_slime_entry_jelly_boxes
Swamp:1:  gammafunk_mikee_crab_dinner, layout_basic_swamp,
          infiniplex_staircase_pool_2, swamp_pool4, uniq_frances
Swamp:2:  layout_falls_marsh, evilmike_swamp_ruin_house_4, swamp_pool4
Swamp:3:  layout_basic_swamp, nicolae_swamp_treefoil
Swamp:4:  nzn_swamp_witches_coven, layout_basic_swamp, uniq_nikola
Spider:1: layout_spider_delve, special_room [special_room_bee],
          lemuel_hornet_nest
Spider:2: layout_spider_delve, nicolae_spider_jagged_tunnels
Spider:3: layout_chambers
Spider:4: spider_rune_water, uniq_roxanne, uniq_mara, uniq_kirke
Orc:1:    layout_caves, gammafunk_ghost_cemetery, okawaru_metal_pillars_3
Orc:2:    st_orc_ogre_mass, layout_caves
Elf:1:    eino_elf_arrival_shootout, layout_loops_corners, serial_shops,
          nicolae_shop_stone, nicolae_shop_trees, nicolae_shop_stone,
          nicolae_shop_advertising_works [nicolae_subvault_shop_adworks],
          nicolae_shop_crystal, orc_legates, minmay_shoptagon
Elf:2:    nicolae_elf_blades_crystal_corner, layout_loops_corners, uniq_jorgrun
Elf:3:    minmay_elf_hall_hex, layout_loops_cross, serial_shops,
          nicolae_diamond_shop, basic_altar, serial_sigils_hangedman_scar,
          hangedman_elf_represent
Vaults:1: gammafunk_ghost_grave, ontoclasm_vaults_tryst, vaults_dpeg_diagonal,
          vaults_room_grid, ontoclasm_vaults_bender,
          ontoclasm_vaults_ring_large, v_misc_15,
          nicolae_vaults_border_crossing, vaults_room_semicircle,
          nicolae_vaults_diagonal_hallway_7, nicolae_vaults_what_the_h,
          dpeg_vaults_hating_casters, nicolae_vaults_little_squares_2,
          nicolae_vaults_little_squares_2, layout_vaults_maze
Vaults:2: v_rooms_6, vaults_room_fours, v_misc_14,
          nicolae_vaults_mini_display_case, ontoclasm_vaults_loading_screen,
          vaults_dpeg_emergency_exit, layout_vaults_omnigrid, serial_shops,
          shop, shop, nicolae_shop_stone, nicolae_shop_hallway_plus
Vaults:3: minmay_crypt_entry_simple_walls, v_misc_31,
          nicolae_vaults_yaktaur_gun_rack, nicolae_vaults_rhombus_6, v_misc_28,
          vaults_room_fancy_cross, grunt_vaults_trifunnel,
          vaults_dpeg_encased_lava, vaults_room_door_ring, v_alt_pattern_1,
          vaults_room_stairs_pillars, vaults_room_door_ring,
          ontoclasm_vaults_decontamination, layout_vaults_chaotic_city
Vaults:4: ontoclasm_vaults_pinch, vaults_room_fancy_cross, v_misc_2,
          nicolae_vaults_an_arrangement, vaults_mumra_hex,
          nicolae_vaults_alarming, v_misc_3, nicolae_vaults_rhombus_5,
          v_misc_19, hangedman_vaults_slice, nicolae_vaults_ring_of_whatevers,
          v_misc_23, hangedman_vaults_trim, vaults_room_door_ring,
          vaults_dpeg_doors, vaults_room_grid, layout_vaults_omnibox,
          serial_shops, nicolae_shop_window_shopping, shop, shop,
          nicolae_shop_statue_plus, shop, uniq_jory
Vaults:5: uniq_margery
Crypt:1:  minmay_guarded_unrand_sceptre_of_torment, layout_rooms,
          gammafunk_ghost_fury_of_okawaru, uniq_sojobo
Crypt:2:  gammafunk_dig_for_victory, layout_chaotic_city, gammafunk_ghost_split,
          mu_enter_wizlab_6, st_stairs_14
Crypt:3:  due_elkab, layout_chaotic_city, hex_medium
Depths:1: layout_cave_pools, kennysheep_small_spiral, grunt_hell_entry_dis_mu,
          hangedman_decor_clover_reticule, nrook_pool_corridor, moated_statue,
          kennysheep_generic_room_14
Depths:2: evilmike_lava_path, layout_gridlike, rand_demon_pan_entry_9,
          hangedman_tar_grid_catacomb, nrook_mini_vaults,
          minmay_staircase_windowed_large, serial_bayou_shore_a
Depths:3: box_level_dp, abyss_entry, serial_shops, hell_entry
Depths:4: evilmike_zot_entry_gauntlet, layout_gridville, grunt_hell_horde,
          pan_entry, drop_trap
Zot:1:    layout_basic, nzn_ghost_randoct, hangedman_zot_decor_scrapings,
          uniq_josephina
Zot:2:    layout_concentric_octagons, bh_zot_lava_cross, grunt_ministairs_3,
          grunt_megastairs_5, uniq_vv
Zot:3:    layout_basic
Zot:4:    layout_concentric_octagons, grunt_ministairs_13, uniq_tiamat

Skill      XL: |  1  2  3  4  5  6  7  8  9 10 11 12 13 14 15 16 17 18 19 20 21 22 23 24 25 26 27 |
---------------+----------------------------------------------------------------------------------+-----
Transmutations | 2 3 4 5 6 7 8 9 10 11 12 13 14 15 16 | 16.9
Spellcasting   | 5 6 7 8 9 10 11 12 13 14 15 16 17 18 19 20 | 20.1
Invocations    | 1 2 3 4 5 6 7 8 9 10 11 12 13 14 15 16 17 18 19 20 21 | 21.2
Fighting       | 1 2 3 5 6 7 8 9 10 11 12 13 14 15 16 17 18 19 | 19.6
Short Blades   | 1 2 3 5 6 7 8 9 10 11 12 13 14 15 16 17 18 19 | 19.6
Long Blades    | 1 2 3 5 6 7 8 9 10 11 12 13 14 15 16 17 18 19 | 19.6
Axes           | 1 2 3 5 6 7 8 9 10 11 12 13 14 15 16 17 19 21 | 21.0
Maces & Flails | 1 2 3 5 6 7 8 9 10 11 12 13 14 15 16 17 18 19 | 19.6
Polearms       | 1 2 3 5 6 7 8 9 10 11 12 13 14 15 16 17 18 19 | 19.6
Staves         | 1 2 3 5 6 7 8 9 10 11 12 13 14 15 16 17 18 19 | 19.6
Ranged Weapons | 1 2 3 5 6 7 8 9 10 11 12 13 14 15 16 17 18 19 | 19.6
Throwing       | 1 2 3 5 6 7 8 9 10 11 12 13 14 15 16 17 18 19 | 19.6
Armour         | 1 2 3 5 6 7 8 9 10 11 12 13 14 15 16 17 18 19 | 19.6
Shields        | 1 2 3 5 6 7 8 9 10 11 12 13 14 15 16 17 18 19 | 19.6
Unarmed Combat | 1 2 3 5 6 7 8 9 10 11 12 13 14 15 16 17 18 19 | 19.6
Evocations     | 1 2 3 5 6 7 8 9 10 11 12 13 14 15 16 17 18 19 | 19.6
Conjurations   | 1 2 3 4 5 6 7 8 9 10 11 12 13 14 15 16 | 16.7
Hexes          | 1 2 3 4 5 6 7 8 9 10 11 12 13 14 15 16 | 16.7
Summonings     | 1 2 3 4 5 6 7 8 9 10 11 12 13 14 15 16 | 16.7
Necromancy     | 1 2 3 4 5 6 7 8 9 10 11 12 13 14 15 16 | 16.7
Translocations | 1 2 3 4 5 6 7 8 9 10 11 12 13 14 15 16 | 16.7
Fire Magic     | 1 2 3 4 5 6 7 8 9 10 11 12 13 14 15 16 | 16.7
Ice Magic      | 1 2 3 4 5 6 7 8 9 10 11 12 13 14 15 16 | 16.7
Air Magic      | 1 2 3 4 5 6 7 8 9 10 11 12 13 14 15 16 | 16.7
Earth Magic    | 1 2 3 4 5 6 7 8 9 10 11 12 13 14 15 16 | 16.7
Dodging        | 5 6 7 8 9 10 11 12 13 14 15 16 17 18 19 20 | 20.1
Stealth        | 5 6 7 8 9 10 11 12 13 14 15 16 17 18 19 20 | 20.0
Poison Magic   | 6 7 8 9 10 11 12 13 14 15 16 17 | 17.5

Action                     |  1- 3 |  4- 6 |  7- 9 | 10-12 | 13-15 | 16-18 | 19-21 | 22-24 | 25-27 || total
---------------------------+-------+-------+-------+-------+-------+-------+-------+-------+-------++-------
  Melee: Scimitar          |     3 |       |       |       |       |       |       |       |       ||     3
         Bite              |     1 |     4 |    17 |     5 |    92 |   103 |   288 |   232 |   362 ||  1104
         Dagger            |     2 |     6 |       |       |       |       |       |       |       ||     8
         Long sword        |       |    58 |   189 |    91 |   604 |   695 |   793 |       |       ||  2430
         Punch             |       |       |     3 |     8 |    46 |    15 |       |       |       ||    72
         Demon whip        |       |       |       |       |       |       |   112 |       |    75 ||   187
         Unarmed           |       |       |       |       |       |       |     6 |       |       ||     6
         Trident           |       |       |       |       |       |       |   290 |  1043 |   333 ||  1666
         Eveningstar       |       |       |       |       |       |       |       |       |  1231 ||  1231
  Throw: Dart              |       |       |       |       |       |       |       |     4 |       ||     4
   Cast: Sting             |    44 |    59 |    69 |    27 |     9 |       |       |       |       ||   208
         Mephitic Cloud    |       |     1 |    15 |    16 |    23 |    17 |     4 |     9 |     2 ||    87
         Olgreb's Toxic Ra |       |       |       |    19 |    90 |   169 |    92 |   180 |    60 ||   610
         Poisonous Vapours |       |       |       |     3 |     1 |       |       |       |       ||     4
         Ignite Poison     |       |       |       |       |    25 |    31 |    28 |    75 |    17 ||   176
         Sticky Flame      |       |       |       |       |       |    34 |    76 |    94 |    35 ||   239
         Borgnjor's Vile C |       |       |       |       |       |     1 |    10 |    25 |     1 ||    37
         Dispel Undead     |       |       |       |       |       |    32 |    84 |    26 |   431 ||   573
         Summon Mana Viper |       |       |       |       |       |    16 |     8 |     8 |     6 ||    38
         Haunt             |       |       |       |       |       |       |       |       |     8 ||     8
 Invoke: Draw Destruction  |       |       |       |       |    22 |    19 |    11 |    25 |     6 ||    83
         Draw Summoning    |       |       |       |       |     3 |    10 |     7 |    11 |     4 ||    35
         Deal Four         |       |       |       |       |     1 |     1 |     1 |     1 |       ||     4
         Triple Draw       |       |       |       |       |     1 |       |       |       |       ||     1
         Stack Five        |       |       |       |       |     1 |       |       |       |       ||     1
  Evoke: Wand              |       |       |       |       |     8 |    10 |     3 |    25 |     9 ||    55
         Phial of floods   |       |       |       |       |       |     2 |       |       |       ||     2
         Phantom mirror    |       |       |       |       |       |     1 |       |       |       ||     1
         Box of beasts     |       |       |       |       |       |       |       |       |     3 ||     3
    Use: Scroll            |       |       |    10 |    17 |     8 |     7 |     6 |     9 |    11 ||    68
         Potion            |       |       |       |     3 |     4 |     4 |     2 |     3 |     4 ||    20
   Stab: Sleeping          |     1 |     1 |     3 |     1 |     9 |     5 |     7 |    13 |    27 ||    67
         Confused          |       |       |     4 |     3 |    11 |    13 |     6 |     8 |     1 ||    46
         Distracted        |       |       |       |       |     6 |     1 |     6 |     4 |     9 ||    26
         Paralysed         |       |       |       |       |     4 |     7 |       |       |       ||    11
         Invisible         |       |       |       |       |       |       |       |       |     9 ||     9
 Armour: Robe              |     2 |     8 |       |       |       |       |       |       |       ||    10
         Leather armour    |       |     1 |    46 |     6 |       |       |       |       |       ||    53
         Steam dragon scal |       |       |       |    14 |    12 |       |       |       |       ||    26
         Acid dragon scale |       |       |       |       |     5 |       |       |       |       ||     5
         Ring mail         |       |       |       |       |   194 |   473 |   500 |   368 |   485 ||  2020
  Dodge: Dodged            |    14 |    38 |   129 |    68 |   405 |   550 |   773 |   739 |  1486 ||  4202
  Block: Buckler           |       |       |       |       |       |   229 |   429 |   363 |   421 ||  1442
         Tower shield      |       |       |       |       |       |       |       |       |  1009 ||  1009

Table legend: (Time is in decaauts)
 A = Elapsed time spent in this place.
 B = Non-inter-level travel time spent in this place.
 C = Inter-level travel time spent in this place.
 D = Time resting spent in this place.
 E = Time spent auto-exploring this place.
 F = Levels seen in this place.
 G = Mean time per level.
                   A        B        C        D        E       F      G
               +--------+--------+--------+--------+--------+-----+--------+
         Total |  63111 |  58882 |   4229 |   9486 |  31969 |  52 | 1213.7 |
       Dungeon |  16607 |  14777 |   1830 |   2106 |   9553 |  15 | 1107.1 |
        Temple |    244 |    207 |     37 |      0 |    192 |   1 |  244.0 |
          Lair |   5590 |   5126 |    464 |    570 |   3180 |   5 | 1118.0 |
         Swamp |   3412 |   3196 |    216 |    295 |   1764 |   4 |  853.0 |
   Spider Nest |   4268 |   4134 |    134 |    681 |   2198 |   4 | 1067.0 |
  Orcish Mines |   1438 |   1201 |    237 |     62 |    814 |   2 |  719.0 |
   Elven Halls |   3965 |   3839 |    126 |    322 |   2228 |   3 | 1321.7 |
        Vaults |   8514 |   8050 |    464 |   1427 |   4142 |   5 | 1702.8 |
         Crypt |   5350 |   5194 |    156 |   1404 |   1880 |   3 | 1783.3 |
        Depths |   7571 |   7149 |    422 |   1360 |   3289 |   4 | 1892.8 |
           Zot |   4448 |   4309 |    139 |    577 |   2488 |   4 | 1112.0 |
        Wizlab |    854 |    854 |      0 |    279 |    107 |   1 |  854.0 |
      Gauntlet |    846 |    846 |      0 |    400 |    132 |   1 |  846.0 |
               +--------+--------+--------+--------+--------+-----+--------+

Top non-repeatable levels by time:
Depths:3: 2631 daAuts
 Crypt:3: 2016 daAuts
Depths:2: 1956 daAuts
Vaults:3: 1939 daAuts
Vaults:1: 1881 daAuts
 Crypt:2: 1759 daAuts
Depths:4: 1750 daAuts
Vaults:2: 1609 daAuts
Vaults:4: 1579 daAuts
 Crypt:1: 1573 daAuts
    D:13: 1524 daAuts
Vaults:5: 1503 daAuts
   Zot:1: 1466 daAuts
 Swamp:4: 1430 daAuts
   Elf:3: 1390 daAuts
